 Dungeon Sprint DCSS version 0.23.0-3-gf3c87f2 (webtiles) character file.

Game seed: 14508105906722425619

47275 nuthulu the Warrior (level 14, -6/104 HPs)
             Began as a Gargoyle Fighter on Feb 21, 2019.
             Was the Champion of Okawaru.
             Killed from afar by a fire dragon (36 damage)
             ... with a blast of flame
             ... in the Dungeon (Sprint IX: "|||||||||||||||||||||||||||||").
             The game lasted 00:11:47 (4143 turns).

nuthulu the Warrior (Gargoyle Fighter)              Turns: 4143, Time: 00:11:47

Health: -6/104     AC: 45    Str: 24    XL:     14   Next: 41%
Magic:  26/26      EV: 16    Int: 10    God:    Okawaru [******]
Gold:   1344       SH: 26    Dex: 14    Spells: 13/13 levels left

rFire    . . .     SeeInvis .   l - +5 morningstar
rCold    . . .     Gourm    .   D - +1 large shield
rNeg     + . .     Faith    .   B - +0 plate armour
rPois    ∞         Spirit   .   q - +2 helmet
rElec    +         Reflect  .   E - scarf {cloud immunity}
rCorr    .         Harm     .   p - +0 pair of gloves
MR       +....     NoTele   +   d - +2 pair of boots {Stlth+}
Stlth    ..........             (no amulet)
HPRegen  0.27/turn              s - +2 ring of protection
MPRegen  0.20/turn              t - +2 ring of protection

@: agile, heroism, finesse, flying
A: big wings, negative energy resistance 1, electricity resistance, unbreathing,
petrification resistance, rot immunity, AC +10
a: Stop Flying, Heroism, Finesse, Renounce Religion


You were in the Dungeon.
You worshipped Okawaru.
Okawaru was exalted by your worship.
You were not hungry.

You visited 1 branch You collected 1508 gold pieces.
You spent 164 gold pieces at shops.

Inventory:

Hand Weapons
 a - a +0 flail
 l - a +5 morningstar (weapon)
 y - a +3 mace of protection
 G - a +0 eveningstar of draining
Armour
 c - a +1 shield
 d - a +2 pair of boots of stealth (worn)
 p - a +0 pair of gloves (worn)
 q - a +2 helmet (worn)
 r - a +1 scale mail
 A - a +1 cloak
 B - a +0 plate armour (worn)
 D - a +1 large shield (worn)
 E - a scarf of cloud immunity (worn)
 F - a +1 helmet of see invisible
Jewellery
 b - an uncursed ring of ice
 s - a +2 ring of protection (left hand)
 t - a +2 ring of protection (right hand)
 w - an uncursed ring of fire
 z - an uncursed ring of ice
Wands
 o - a wand of iceblast (10)
Scrolls
 k - 5 scrolls of blinking
 m - 4 scrolls of remove curse
 n - 3 scrolls of amnesia
 v - a scroll of fear
 x - 4 scrolls of fog
 C - 2 scrolls of identify
Potions
 e - 7 potions of curing
 g - 2 potions of heal wounds
 h - a potion of haste
 i - 4 potions of magic
 j - a potion of berserk rage
 u - a potion of agility
Comestibles
 f - 8 rations


   Skills:
 + Level 18.9(23.9) Fighting
 + Level 17.4(22.4) Maces & Flails
 + Level 18.9(23.9) Armour
 + Level 18.9(23.9) Shields
 + Level 17.3 Invocations


You had 13 spell levels left.
You didn't know any spells.
Your spell library was empty.

Dungeon Overview and Level Annotations

Branches:
Dungeon (1/1)

Altars:
Cheibriados
Dithmenos
Elyvilon
Fedhas
Gozag
Hepliaklqana
Kikubaaqudgha
Makhleb
Nemelex Xobeh
Okawaru
Qazlal
Ru
Sif Muna
Trog
Uskayaw
Vehumet
Wu Jian
Xom
Yredelemnul
Zin
The Shining One
Beogh
Jiyva
Lugonu

Shops:
D ?**(


Innate Abilities, Weirdness & Mutations

You are resistant to torment.
Your stone body is resilient. (AC +10)
You are immune to poison.
Your large and strong wings let you fly indefinitely.
You resist negative energy. (rN+)
You are resistant to electric shocks. (rElec)
You can survive without breathing.
You are immune to petrification.
You are immune to rotting.


Message History

Nothing appears to happen.
Your plate armour prevents you from hitting the fire dragon.
The fire dragon is lightly wounded.
The fire dragon breathes flames at you. The blast of flame hits you!!
* * * LOW HITPOINT WARNING * * *
Your plate armour prevents you from hitting the fire dragon.
You hit the fire dragon but do no damage.
Unknown command.
Unknown command.
You feel better. You block the fire dragon's attack. x2
The fire dragon tramples you but does no damage.
You feel agile all of a sudden. You block the fire dragon's attack. x2
The fire dragon tramples you but does no damage.
You spit the fire dragon like a pig!!!
The fire dragon is heavily wounded.
The fire dragon breathes flames at you. The blast of flame hits you!!!
You die...

,,,,,,,+,,,,,,,,,,,,,+,,,,,,,,,,,
*********************************
,,,,,,,,,,,,,,,,,,,,,,,,,,,,,,,,,
*********************************
,,,,,,,,,,,,,,,,,,,,,,,,,,,,,,+,,
*********************************
,,,,,,,,,,,,,,,,,,,,,,,,,,,,,,,,,
*********▓▓▓▓▓▓▓▓▓▓▓▓▓▓▓▓▓▓▓▓▓▓▓▓
,,,,,,+,,ZCzVQWD@[[)†[((.).......
▓▓▓▓▓▓▓▓▓▓▓▓▓▓▓▓▓▓▓▓▓▓▓▓▓▓▓▓▓▓▓▓▓
.................................
♣♣♣♣♣♣♣♣▓▓▓▓▓▓▓▓▓▓▓▓▓▓▓▓▓▓▓▓▓▓▓▓▓
.)..÷.)'..PP)PP()'........††††...
♣♣♣♣♣♣♣♣▓▓▓▓▓▓▓▓▓▓▓▓▓▓▓▓▓▓▓▓▓▓▓▓▓
)................................
▓▓▓▓▓▓▓▓▓▓▓▓▓▓▓▓▓▓▓▓▓▓▓▓▓▓▓▓▓▓▓▓▓
)........!.[[[[[[.[.))))))))..=..


You could see a fire dragon, a stone giant, a flayed ghost, a vampire mage, a
tengu conjurer, a flying skull and a bat simulacrum.

Vanquished Creatures
  A thorn hunter (D)
  A frost giant (D)
  Aizul (D)
  An emperor scorpion (D)
  2 very ugly things (D)
  An entropy weaver (D)
  3 stone giants (D)
  2 dire elephants (D)
  A fire dragon (D)
  3 ice dragons (D)
  A hydra (D)
  An anaconda (D)
  An ogre mage (D)
  A satyr (D)
  A tengu warrior (D)
  A merfolk aquamancer (D)
  A deep troll shaman (D)
  4 orc high priests (D)
  A deep troll earth mage (D)
  A naga sharpshooter (D)
  Sonja (D)
  A sea snake (D)
  A spriggan druid (D)
  A naga ritualist (D)
  A swamp dragon (D)
  12 orc knights (D)
  An orc sorcerer (D)
  A wolf spider (D)
  An ugly thing (D)
  2 manticores (D)
  A salamander (shapeshifter) (D)
  7 elephants (D)
  A guardian serpent (shapeshifter) (D)
  3 black mambas (D)
  Joseph (D)
  A spiny frog (D)
  A naga mage (D)
  Psyche (D)
  A demonic crawler (D)
  3 yaktaurs (D)
  2 komodo dragons (D)
  A tengu conjurer (D)
  A merfolk (D)
  3 jumping spiders (D)
  A tyrant leech (D)
  A hornet (D)
  A wind drake (D)
  A slime creature (D)
  A snapping turtle (D)
  3 hippogriffs (D)
  A redback (D)
  2 tarantellas (D)
  A spriggan (D)
  A wyvern (D)
  A water elemental (D)
  A yak (D)
  A basilisk (D)
  2 vampire mosquitoes (D)
  A naga (D)
  5 water moccasins (D)
  A porcupine (D)
  10 orc warriors (D)
  2 swamp drakes (D)
  A sky beast (D)
  An ice beast (D)
  An ogre (D)
  A crocodile (D)
  4 bullfrogs (D)
  A big kobold (D)
  2 wights (D)
  A howler monkey (D)
  4 orc priests (D)
  A jelly (D)
  6 orc wizards (D)
  2 worker ants (D)
  A gnoll (D)
  An adder (D)
  An ooze (D)
  An adder skeleton (D)
  3 orcs (D)
  A ball python (D)
  A bat skeleton (D)
  2 hobgoblins (D)
  A jackal skeleton (D)
  A rat (D)
153 creatures vanquished.

Vanquished Creatures (others)
  A thorn hunter (D)
  An orc (D)
2 creatures vanquished.

Grand Total: 155 creatures vanquished

Notes
Turn   | Place    | Note
-------+----------+-------------------------------------------
     0 | D        | nuthulu the Gargoyle Fighter began the quest for the Orb.
     0 | D        | Reached XP level 1. HP: 14/14 MP: 1/1
    14 | D        | Reached XP level 2. HP: 17/20 MP: 2/2
    90 | D        | Noticed an ogre
   104 | D        | Reached XP level 3. HP: 24/24 MP: 3/3
   111 | D        | Reached skill level 5 in Fighting
   111 | D        | Reached skill level 5 in Armour
   111 | D        | Reached skill level 5 in Shields
   111 | D        | Reached XP level 4. HP: 31/31 MP: 4/4
   115 | D        | Killed an ogre
   115 | D        | Reached skill level 5 in Maces & Flails
   115 | D        | Reached XP level 5. HP: 37/37 MP: 5/5
   134 | D        | Found a roughly hewn altar of Beogh.
   134 | D        | Found a snail-covered altar of Cheibriados.
   134 | D        | Found a shadowy altar of Dithmenos.
   134 | D        | Found a white marble altar of Elyvilon.
   134 | D        | Found a blossoming altar of Fedhas.
   134 | D        | Found an opulent altar of Gozag.
   135 | D        | Found a hazy altar of Hepliaklqana.
   136 | D        | Found a viscous altar of Jiyva.
   137 | D        | Found an ancient bone altar of Kikubaaqudgha.
   138 | D        | Found a corrupted altar of Lugonu.
   139 | D        | Found a burning altar of Makhleb.
   140 | D        | Found a sparkling altar of Nemelex Xobeh.
   141 | D        | Found an iron altar of Okawaru.
   142 | D        | Found a stormy altar of Qazlal.
   143 | D        | Found a sacrificial altar of Ru.
   144 | D        | Found a deep blue altar of Sif Muna.
   145 | D        | Found a bloodstained altar of Trog.
   146 | D        | Found a hide-covered altar of Uskayaw.
   147 | D        | Found a radiant altar of Vehumet.
   148 | D        | Found an ornate altar of the Wu Jian Council.
   149 | D        | Became a worshipper of Warmaster Okawaru
   150 | D        | Found a shimmering altar of Xom.
   151 | D        | Found a basalt altar of Yredelemnul.
   152 | D        | Found a glowing silver altar of Zin.
   153 | D        | Found a glowing golden altar of the Shining One.
   202 | D        | Noticed an orc warrior
   202 | D        | Noticed a sky beast
   202 | D        | Noticed a big kobold
   211 | D        | Killed a big kobold
   218 | D        | Reached XP level 6. HP: 44/44 MP: 6/6
   228 | D        | Killed a sky beast
   265 | D        | Killed an orc warrior
   265 | D        | Reached * piety under Okawaru
   265 | D        | Reached XP level 7. HP: 27/50 MP: 7/7
   411 | D        | Noticed a yaktaur
   411 | D        | Noticed a vampire mosquito
   421 | D        | Killed a vampire mosquito
   425 | D        | Noticed a queen bee
   425 | D        | a yaktaur changed into a queen bee
   432 | D        | Noticed a guardian serpent
   432 | D        | a queen bee changed into a guardian serpent
   438 | D        | HP: 1/51 [guardian serpent (shapeshifter) (14)]
   449 | D        | Killed a guardian serpent
   449 | D        | Reached ** piety under Okawaru
   449 | D        | Reached XP level 8. HP: 14/57 MP: 6/11
   457 | D        | Reached skill level 10 in Fighting
   457 | D        | Reached skill level 10 in Armour
   457 | D        | Reached skill level 10 in Shields
   835 | D        | Noticed an eight-headed hydra
   835 | D        | Noticed a spiny frog
   841 | D        | Killed a spiny frog
   841 | D        | Reached *** piety under Okawaru
   841 | D        | Reached skill level 5 in Invocations
   850 | D        | Killed an eight-headed hydra
   850 | D        | Reached **** piety under Okawaru
   850 | D        | Reached skill level 10 in Maces & Flails
   850 | D        | Reached XP level 9. HP: 21/64 MP: 10/14
  1130 | D        | Noticed an elephant
  1146 | D        | Reached ***** piety under Okawaru
  1147 | D        | Noticed a komodo dragon
  1156 | D        | Reached XP level 10. HP: 71/71 MP: 12/16
  1168 | D        | Killed an elephant
  1204 | D        | Noticed an elephant
  1204 | D        | Noticed an elephant
  1204 | D        | Noticed a dire elephant
  1204 | D        | Noticed an elephant
  1204 | D        | Noticed a dire elephant
  1204 | D        | Noticed an elephant
  1222 | D        | Killed a dire elephant
  1233 | D        | Killed a dire elephant
  1233 | D        | Received a gift from Okawaru
  1233 | D        | Reached skill level 10 in Invocations
  1236 | D        | Killed an elephant
  1236 | D        | Reached ****** piety under Okawaru
  1246 | D        | Killed an elephant
  1246 | D        | Reached XP level 11. HP: 16/78 MP: 11/18
  1251 | D        | Received a gift from Okawaru
  1473 | D        | Noticed Psyche
  1480 | D        | Killed Psyche
  1903 | D        | Noticed an orc knight
  1905 | D        | Noticed an orc sorcerer
  1922 | D        | Killed an orc knight
  1929 | D        | Killed an orc sorcerer
  1940 | D        | Noticed an orc high priest
  1964 | D        | Killed an orc high priest
  1964 | D        | Received a gift from Okawaru
  2103 | D        | Found Ganiudd's Weapon Boutique.
  2103 | D        | Noticed an orc knight
  2103 | D        | Noticed an orc high priest
  2103 | D        | Noticed an orc knight
  2103 | D        | Noticed an orc high priest
  2103 | D        | Noticed an orc knight
  2104 | D        | Noticed an orc knight
  2118 | D        | Killed an orc knight
  2119 | D        | Noticed an orc knight
  2126 | D        | Killed an orc high priest
  2129 | D        | Found Gueluf's General Store.
  2129 | D        | Noticed an orc knight
  2132 | D        | Noticed an orc knight
  2135 | D        | Killed an orc knight
  2145 | D        | Killed an orc high priest
  2152 | D        | Killed an orc knight
  2152 | D        | Reached XP level 12. HP: 60/86 MP: 16/21
  2161 | D        | Reached skill level 15 in Fighting
  2161 | D        | Reached skill level 15 in Armour
  2161 | D        | Reached skill level 15 in Shields
  2170 | D        | Found Veuhunot's General Store.
  2189 | D        | Found Nenkycox's Magic Scroll Shop.
  2189 | D        | Noticed an orc high priest
  2198 | D        | Noticed a sun demon
  2215 | D        | Received a gift from Okawaru
  2256 | D        | Killed an orc high priest
  2259 | D        | Bought a potion of curing for 33 gold pieces
  2259 | D        | Bought a scroll of enchant armour for 82 gold pieces
  2262 | D        | Bought a scroll of magic mapping for 49 gold pieces
  2500 | D        | Noticed Sonja
  2527 | D        | Killed Sonja
  2794 | D        | Found the +6 lightning scales {run, rElec}
  2875 | D        | Noticed an ogre mage
  2883 | D        | Killed an ogre mage
  2901 | D        | Noticed a tengu warrior
  2905 | D        | Noticed a deep troll shaman
  2911 | D        | Noticed a stone giant
  2936 | D        | Noticed an ice dragon
  2939 | D        | Killed a tengu warrior
  2955 | D        | Killed a deep troll shaman
  2955 | D        | Received a gift from Okawaru
  2963 | D        | Killed a stone giant
  2971 | D        | Reached skill level 15 in Maces & Flails
  2982 | D        | Killed an ice dragon
  2982 | D        | Reached XP level 13. HP: 47/95 MP: 23/23
  3258 | D        | Noticed Joseph
  3267 | D        | Killed Joseph
  3286 | D        | Noticed Aizul
  3317 | D        | Killed Aizul
  3354 | D        | Noticed an entropy weaver
  3381 | D        | Killed an entropy weaver
  3381 | D        | Reached skill level 15 in Invocations
  3510 | D        | Noticed a thorn hunter
  3525 | D        | Killed a thorn hunter
  3526 | D        | Noticed a thorn hunter
  3537 | D        | Received a gift from Okawaru
  3554 | D        | Killed a thorn hunter
  3965 | D        | Noticed an emperor scorpion
  3980 | D        | Killed an emperor scorpion
  3980 | D        | Gained mutation: Your large and strong wings let you fly
                  | indefinitely. [Gargoyle growth]
  3980 | D        | Reached XP level 14. HP: 104/104 MP: 26/26
  4036 | D        | Noticed a stone giant
  4036 | D        | Noticed a stone giant
  4036 | D        | Noticed a frost giant
  4044 | D        | Killed a frost giant
  4045 | D        | Noticed a white very ugly thing
  4061 | D        | Killed a stone giant
  4065 | D        | Noticed a brown very ugly thing
  4068 | D        | Killed a stone giant
  4086 | D        | Killed a white very ugly thing
  4103 | D        | Killed a brown very ugly thing
  4107 | D        | Received a gift from Okawaru
  4135 | D        | Noticed a stone giant
  4143 | D        | Killed from afar by a fire dragon

Skill      XL: |  1  2  3  4  5  6  7  8  9 10 11 12 13 14 |
---------------+-------------------------------------------+-----
Armour         | 4 5 6 7 8 9 11 12 13 14 16 18 | 18.9
Fighting       | 4 5 6 7 8 9 11 12 13 14 16 18 | 18.9
Shields        | 4 5 6 7 8 9 11 12 13 14 16 18 | 18.9
Maces & Flails | 3 4 5 6 7 8 10 12 13 15 16 17 | 17.4
Invocations    | 4 6 8 10 12 14 16 17 | 17.3

Action                   |  1- 3 |  4- 6 |  7- 9 | 10-12 | 13-15 || total
-------------------------+-------+-------+-------+-------+-------++-------
Melee: Flail             |    37 |    70 |    45 |       |       ||   152
       Morningstar       |       |       |    64 |   428 |   306 ||   798
Invok: Heroism           |       |       |     4 |     5 |     6 ||    15
       Finesse           |       |       |       |     5 |     4 ||     9
 Abil: Fly               |       |       |       |       |     1 ||     1
  Use: Potion            |     2 |       |     2 |     3 |     3 ||    10
       Scroll            |       |       |     2 |     4 |       ||     6
 Stab: Invisible         |       |       |       |     1 |       ||     1
       Confused          |       |       |       |       |     1 ||     1
  Eat: Chunk             |       |       |     1 |     2 |       ||     3
       Ration            |       |       |       |     2 |     1 ||     3
Armor: Scale mail        |    20 |    22 |    48 |    23 |       ||   113
       Plate armour      |       |       |       |    40 |    63 ||   103
       Skin              |       |       |       |     7 |       ||     7
Dodge: Dodged            |    13 |     9 |    40 |    43 |    26 ||   131
Block: Shield            |    26 |    36 |    49 |    87 |       ||   198
       Large shield      |       |       |       |    42 |   195 ||   237
